 Dungeon Crawl Stone Soup version 0.20.1-1-g8b1a95d (webtiles) character file.

11947 vishdafish the Spear-Bearer (level 11, -4/86 HPs)
             Began as a Demonspawn Fighter on July 3, 2017.
             Was a Priest of Makhleb.
             Killed from afar by Josephine (26 damage)
             ... with a ghostly fireball
             ... on level 11 of the Dungeon.
             The game lasted 00:24:15 (13307 turns).

vishdafish the Spear-Bearer (Demonspawn Fighter)   Turns: 13307, Time: 00:24:16

Health: -4/86      AC: 25    Str: 19    XL:     11   Next: 56%
Magic:  11/11      EV:  0    Int: 10    God:    Makhleb [***...]
Gold:   773        SH: 10    Dex: 13    Spells: 10/10 levels left

rFire    + + .     SeeInvis +   a - +0 trident
rCold    + + .     Gourm    .   c - +1 shield
rNeg     . . .     Faith    .   I - +9 scales of the Dragon King {rPois rF+ rC+ MR+}
rPois    +         Spirit   .   (helmet restricted)
rElec    .         Reflect  .   j - scarf {repulsion}
rCorr    .         Harm     .   (no gloves)
MR       +....                  (no boots)
Stlth    ..........             (no amulet)
Regen    0.3/turn               s - ring of protection from fire
MPRegen  0.2/turn               W - ring of see invisible

@: very heavily drained, repel missiles
A: horns 2, iridescent scales 1, cold resistance 1, foul stench 1, rot immunity
a: Minor Destruction, Lesser Servant of Makhleb, Renounce Religion


You were on level 11 of the Dungeon.
You worshipped Makhleb.
Makhleb was most pleased with you.
You were hungry.

You visited 2 branches of the dungeon, and saw 12 of its levels.
You also visited: Ossuary and Bailey.

You collected 773 gold pieces.

Inventory:

Hand Weapons
 a - a +0 trident (weapon)
Armour
 b - a +0 scale mail
 c - a +1 shield (worn)
 j - a scarf of repulsion (worn)
 I - the +9 scales of the Dragon King (worn) {rPois rF+ rC+ MR+}
   (You found it in a bailey)

   It protects you from fire.
   It protects you from cold.
   It protects you from poison.
   It affects your resistance to hostile enchantments.
Jewellery
 h - an uncursed ring of magical power
 s - a ring of protection from fire (left hand)
 F - an uncursed ring of wizardry
 H - an uncursed ring of resist corrosion
 S - an uncursed ring of wizardry
 W - a ring of see invisible (right hand)
Wands
 r - a wand of polymorph (6/24)
 Q - a wand of flame (32/48)
 V - a wand of digging (11/24)
 X - a wand of acid (8/15)
Scrolls
 d - a scroll of fear {unknown}
 e - 6 scrolls of teleportation
 g - a scroll of random uselessness
 k - a scroll of recharging
 m - a scroll of enchant armour
 n - a scroll of magic mapping
 p - 3 scrolls of immolation
 q - 3 scrolls of amnesia
 x - 2 scrolls of brand weapon {unknown}
 y - a scroll of enchant weapon {unknown}
 D - a scroll of blinking {unknown}
 K - 2 scrolls of fog {unknown}
 O - a scroll of identify
Potions
 l - 3 potions of curing {unknown}
 o - a potion of experience
 t - 3 potions of flight {unknown}
 v - a potion of might
 w - 3 potions of resistance {unknown}
 z - 2 potions of haste {unknown}
 B - 3 potions of brilliance {unknown}
 C - 2 potions of mutation {unknown}
 E - 3 potions of invisibility
 L - a potion of degeneration {unknown}
 P - 2 potions of ambrosia {unknown}
 R - a potion of magic {unknown}
Books
 G - a book of Geomancy

   Spells                             Type                      Level
   a - Sandblast                      Earth                        1
   b - Passwall                       Transmutation/Earth          2
   c - Stone Arrow                    Conjuration/Earth            3
   d - Petrify                        Transmutation/Earth          4
   e - Lee's Rapid Deconstruction     Earth                        5
 M - a book of Power

   Spells                             Type                      Level
   a - Iskenderun's Battlesphere      Conjuration/Charms           5
   b - Venom Bolt                     Conjuration/Poison           5
   c - Bolt of Magma                  Conjuration/Fire/Earth       5
   d - Iron Shot                      Conjuration/Earth            6
   e - Orb of Destruction             Conjuration                  7
   f - Spellforged Servitor           Conjuration/Summoning        7
 U - a book of Party Tricks

   Spells                             Type                      Level
   a - Summon Butterflies             Summoning                    1
   b - Apportation                    Translocation                1
   c - Lesser Beckoning               Translocation                3
   d - Tukima's Dance                 Hexes                        3
   e - Alistair's Intoxication        Transmutation/Poison         5
   f - Invisibility                   Hexes                        6
Miscellaneous
 N - a fan of gales
Comestibles
 f - 3 bread rations
 i - 4 royal jellies
 u - 8 fruits
 J - 2 meat rations


   Skills:
 + Level 8.1(3.6) Fighting
 + Level 9.7(5.1) Polearms
 * Level 9.3(4.7) Armour
 - Level 3.5(0.0) Dodging
 - Level 1.3(0.0) Stealth
 + Level 8.3(3.8) Shields


You had 10 spell levels left.
You didn't know any spells.

Dungeon Overview and Level Annotations

Branches:
Dungeon (11/15)            Temple (1/1) D:6            Lair (0/6) D:10
    Orc: D:9-12

Altars:
Ashenzari
Cheibriados
Dithmenos
Elyvilon
Fedhas
Hepliaklqana
Kikubaaqudgha
Makhleb
Nemelex Xobeh
Qazlal
Ru
Sif Muna
Trog
Vehumet
Xom
Zin
The Shining One

Shops:
D:8 [

Annotations:
D:11 Josephine


Innate Abilities, Weirdness & Mutations

You have a pair of horns on your head.
You are partially covered in iridescent scales. (AC +2)
Your flesh is cold resistant. (rC+)
You may emit foul miasma when damaged in melee.
You are immune to rotting.


Message History

Josephine is severely wounded.
Josephine casts a spell at you.
The ghostly flame explodes!
The ghostly fireball engulfs you!
You feel drained.
The ghostly fireball engulfs Josephine.
Josephine completely resists.
Your scales of the Dragon King prevents you from hitting Josephine.
You headbutt Josephine!
Josephine is severely wounded.
Josephine gestures at you while chanting.
The ghostly flame explodes!
The ghostly fireball engulfs you!
You feel drained.
* * * LOW HITPOINT WARNING * * *
The ghostly fireball engulfs Josephine.
Josephine completely resists.
You feel much better.
Josephine gestures at you while chanting.
The ghostly flame explodes!
The ghostly fireball engulfs you!
You feel drained.
* * * LOW HITPOINT WARNING * * *
The ghostly fireball engulfs Josephine.
Josephine completely resists.
You hear a bellow!
Josephine points at you and mumbles some strange words.
The ghostly flame explodes!
The ghostly fireball engulfs you!
You feel drained.
You die...

......### #9###.#
#Y###.# #.#...# #
#Y#.### ... ..#...##
######..##. #####..#
#..@.WW.... .......#
##.###.#.## †###...# #@#
..<#.#.## #.#######
##.#....##### #.......#
##..........##########.#
#####.#..##.##.......#.#
#####.#.[.#.###.####.#.#
##........#.....# #.#.#
##.##.....####### #...#
##.######## ###.#


You could see Josephine.

Vanquished Creatures
  A two-headed ogre (D:9)
  The ghost of vishdafish the Pannier, a novice DsFi of Nemelex Xobeh (D:7)
  An orc knight (Bailey)
  A manticore (D:11)
  2 centaur zombies
  The ghost of dvd the Thaumaturge, a novice DEFE (Ossuary)
  The ghost of Baril the Caller, a novice HOSu (D:5)
  A gargoyle (D:10)
  11 yaks
  A hungry ghost (D:6)
  A soldier ant (D:9)
  5 sky beasts
  11 orc warriors
  2 ice beasts
  2 black bears
  A necrophage (D:6)
  3 phantoms
  8 ogres
  4 centaurs
  6 big kobolds
  2 bullfrogs
  5 water moccasin zombies (Ossuary)
  2 elf skeletons (D:5)
  3 scorpions
  6 killer bees (D:10)
  2 howler monkeys
  3 crimson imps
  A human zombie (D:5)
  2 quasits
  A bullfrog zombie (D:10)
  3 bullfrog skeletons
  9 orc priests
  A gnoll shaman (D:8)
  5 hounds
  A jelly (D:6)
  4 centaur skeletons
  8 orc wizards
  A human skeleton (D:5)
  Ijyb (D:3)
  7 worker ants
  3 big kobold zombies (Ossuary)
  A hound skeleton (D:11)
  2 mummies (Ossuary)
  17 gnolls
  A howler monkey skeleton (D:4)
  11 adders
  4 shadow imps
  An ooze (D:2)
  4 adder zombies (Ossuary)
  3 worms
  3 dart slugs
  6 leopard geckos
  49 orcs
  A ball python (D:8)
  7 bats
  3 giant cockroaches
  10 goblins
  4 hobgoblins
  7 jackals (D:1)
  35 kobolds
  5 quokkas
  3 frilled lizards
  3 gnoll zombies (Ossuary)
  6 hobgoblin zombies (Ossuary)
  5 kobold zombies (Ossuary)
  5 orc zombies
  A quokka skeleton (D:6)
  10 rats
341 creatures vanquished.

Notes
Turn   | Place    | Note
-------+----------+-------------------------------------------
     0 | D:1      | vishdafish the Demonspawn Fighter began the quest for the Orb.
     0 | D:1      | Reached XP level 1. HP: 18/18 MP: 1/1
   108 | D:1      | Gained mutation: You are immune to rotting. [demonic ancestry]
   108 | D:1      | Reached XP level 2. HP: 21/24 MP: 2/2
   409 | D:1      | Reached XP level 3. HP: 22/29 MP: 3/3
  1178 | D:2      | Reached XP level 4. HP: 34/35 MP: 4/4
  2014 | D:3      | Gained mutation: You are partially covered in iridescent scales. (AC +2) [demonic ancestry]
  2014 | D:3      | Reached XP level 5. HP: 18/41 MP: 5/5
  2586 | D:3      | Reached skill level 1 in Dodging
  2743 | D:4      | Noticed Ijyb
  2748 | D:3      | Gained mutation: You may emit foul miasma when damaged in melee. [demonic ancestry]
  2748 | D:3      | Reached XP level 6. HP: 18/48 MP: 6/6
  2967 | D:3      | Killed Ijyb
  4188 | D:4      | Gained mutation: You have a pair of small horns on your head. [demonic ancestry]
  4188 | D:4      | Reached XP level 7. HP: 30/54 MP: 7/7
  4296 | D:5      | Entered Level 5 of the Dungeon
  4646 | D:5      | Found a sand-covered staircase.
  4657 | Ossuary  | Entered an ossuary
  4657 | Ossuary  | Noticed dvd's ghost (novice DEFE)
  4662 | Ossuary  | Killed dvd's ghost
  4662 | Ossuary  | Reached skill level 5 in Polearms
  4720 | Ossuary  | Gained mutation: You have a pair of horns on your head. [demonic ancestry]
  4720 | Ossuary  | Reached XP level 8. HP: 47/61 MP: 8/8
  5143 | D:5      | Reached skill level 5 in Fighting
  5148 | D:5      | Got a steaming long sword
  5154 | D:5      | Found a stormy altar of Qazlal.
  5157 | D:5      | Noticed an air elemental
  5173 | D:5      | Noticed Baril's ghost (novice HOSu)
  5247 | D:5      | Killed Baril's ghost
  5247 | D:5      | Reached skill level 5 in Shields
  5510 | D:5      | Reached skill level 5 in Armour
  5510 | D:5      | Reached XP level 9. HP: 68/68 MP: 9/9
  5595 | D:5      | Reached skill level 1 in Stealth
  5683 | D:5      | Found a burning altar of Makhleb.
  6081 | D:6      | Got a smelly leather armour
  6092 | D:6      | Identified the +6 leather armour of the Postmodern Scars {rElec rN++ MR+ Str-4} (You found it on level 6 of the Dungeon)
  6822 | D:6      | Found a staircase to the Ecumenical Temple.
  6831 | Temple   | Entered the Ecumenical Temple
  7060 | D:5      | Became a worshipper of Makhleb the Destroyer
  7109 | D:7      | Found a flagged portal.
  7273 | Bailey   | Entered a bailey
  8248 | Bailey   | Gained mutation: Your flesh is cold resistant. (rC+) [demonic ancestry]
  8248 | Bailey   | Reached XP level 10. HP: 68/76 MP: 10/10
  8313 | Bailey   | Noticed an orc knight
  8335 | Bailey   | Killed an orc knight
  8626 | D:7      | Noticed vishdafish's ghost (novice DsFi)
  8665 | D:7      | Killed vishdafish's ghost
  9360 | D:7      | Reached * piety under Makhleb
 10220 | D:8      | Found Tageqoosm's Armour Shop.
 10624 | D:8      | Reached ** piety under Makhleb
 10797 | D:8      | Found a shimmering altar of Xom.
 11210 | D:9      | Noticed a two-headed ogre
 11243 | D:9      | Killed a two-headed ogre
 11243 | D:9      | Reached XP level 11. HP: 81/84 MP: 11/11
 11275 | D:9      | Found a hazy altar of Hepliaklqana.
 11275 | D:9      | Found a sparkling altar of Nemelex Xobeh.
 11691 | D:9      | Reached *** piety under Makhleb
 11776 | D:10     | Entered Level 10 of the Dungeon
 12080 | D:10     | Found a staircase to the Lair.
 13279 | D:11     | Noticed Josephine
 13307 | D:11     | Killed from afar by Josephine

Skill      XL: |  1  2  3  4  5  6  7  8  9 10 11 |
---------------+----------------------------------+-----
Polearms       | 2 3 4 5 7 8 9 |  9.7
Shields        | 3 4 5 6 7 8 |  8.3
Armour         | 3 4 5 6 8 9 |  9.3
Dodging        | 1 2 3 |  3.5
Fighting       | 4 5 6 7 8 |  8.1
Stealth        | 1 |  1.3

Action                   |  1- 3 |  4- 6 |  7- 9 | 10-12 || total
-------------------------+-------+-------+-------+-------++-------
Melee: Trident           |   136 |   256 |   589 |   406 ||  1387
       Unarmed           |       |     7 |       |       ||     7
       Headbutt          |       |       |    97 |   263 ||   360
       Spear             |       |       |       |   927 ||   927
  Use: Potion            |       |       |     2 |     3 ||     5
       Scroll            |       |       |     5 |     5 ||    10
  Eat: Chunk             |     1 |     5 |     3 |    10 ||    19
       Meat ration       |       |     1 |     1 |       ||     2
       Bread ration      |       |       |     3 |     1 ||     4
       Royal jelly       |       |       |       |     1 ||     1
Armor: Scale mail        |    46 |    82 |   160 |     1 ||   289
       Skin              |       |    11 |       |       ||    11
       Gold dragon scale |       |       |       |   728 ||   728
Dodge: Dodged            |    29 |    53 |   156 |    80 ||   318
       Deflected         |       |     4 |     8 |     6 ||    18
Block: Shield            |    57 |   105 |   256 |   635 ||  1053
